 Dungeon Crawl Stone Soup version 0.20.1-1-g8b1a95d (webtiles) character file.

18 tidbits the Insei (level 2, -2/22 HPs)
             Began as a Demigod Transmuter on Aug 11, 2017.
             Slain by a hippogriff (4 damage)
             ... on level 3 of the Dungeon.
             The game lasted 00:03:12 (416 turns).

tidbits the Insei (Demigod Transmuter)               Turns: 416, Time: 00:03:13

Health: -2/22      AC:  2    Str: 13    XL:     2   Next: 33%
Magic:  1/7        EV: 12    Int: 17    God:
Gold:   36         SH:  0    Dex: 16    Spells: 1/4 levels left

rFire    . . .     SeeInvis .     - Unarmed
rCold    . . .     Gourm    .   (no shield)
rNeg     . . .     Faith    .   b - +0 robe
rPois    .         Spirit   .   (no helmet)
rElec    .         Reflect  .   (no cloak)
rCorr    .         Harm     .   (no gloves)
MR       .....                  (no boots)
Stlth    +.........             (no amulet)
Regen    0.1/turn               (no ring)
MPRegen  0.1/turn               (no ring)

@: appendage
A: horns 2, high mp 1
a: End Transformation


You were on level 3 of the Dungeon.
You were not hungry.
You had grown temporary horns.
You visited 1 branch of the dungeon, and saw 4 of its levels.

You collected 36 gold pieces.

Inventory:

Missiles
 a - 9 arrows
 j - 49 stones (quivered)
 l - 26 sling bullets
 n - 15 poisoned needles
Armour
 b - a +0 robe (worn)
Scrolls
 f - a scroll of teleportation {unknown}
 g - a scroll of remove curse {unknown}
 m - a scroll of identify {unknown}
Potions
 e - a potion of curing
 h - a potion of degeneration {unknown}
 i - a potion of berserk rage {unknown}
 k - 2 potions of flight {unknown}
Books
 c - a book of Changes

   Spells                             Type                      Level
   a - Beastly Appendage              Transmutation                1
   b - Sticks to Snakes               Transmutation                2
   c - Spider Form                    Transmutation/Poison         3
   d - Ice Form                       Ice/Transmutation            4
   e - Blade Hands                    Transmutation                5
Comestibles
 d - a bread ration


   Skills:
 - Level 0.8 Fighting
 - Level 1.8 Dodging
 + Level 3.3 Unarmed Combat
 - Level 1.8 Spellcasting
 - Level 1.9 Transmutations


You had one spell level left.
You knew the following spells:

 Your Spells              Type           Power        Failure   Level  Hunger
e - Beastly Appendage     Tmut           #.....       9%          1    #......
k - Sticks to Snakes      Tmut           #.......     14%         2    ###....


Dungeon Overview and Level Annotations

Branches:
Dungeon (4/15)
 Temple: D:4-7


Innate Abilities, Weirdness & Mutations

You have an increased reservoir of magic. (+10% MP)
You have a pair of horns on your head.


Message History

There are no items here.
The bat hits you but does no damage.
You closely miss the bat. You headbutt the bat.
You kill the bat!
You now have 36 gold pieces (gained 7).
Your horns disappear.
Found a stone staircase leading down.
There is a stone staircase leading down here.
Found a scroll labeled NYEFAD FEJUK.
A rat comes into view.
You see here a scroll labeled NYEFAD FEJUK.
m - a scroll labeled NYEFAD FEJUK
Casting: Beastly Appendage
Confirm with . or Enter, or press ? or * to list all spells.
Your feet morph into talons.
You hit the rat.
You kill the rat!
You see here a rat corpse.
Your transformation is almost over.
There is a stone staircase leading down here.
Casting: Beastly Appendage
Confirm with . or Enter, or press ? or * to list all spells.
You extend your transformation's duration.
HP restored.
You climb downwards.
A jackal comes into view.
The jackal barks!
You hear a screech!
Found a stone staircase leading down.
There is a stone staircase leading up here.
A jackal comes into view.
The jackal bites you.
There is a stone staircase leading up, spattered with blood here.
The jackal misses you. The jackal bites you. The jackal closely misses you.
You climb upwards.
There is a stone staircase leading down here.
You closely miss the jackal. The jackal barely misses you.
You hit the jackal.
You kill the jackal!
Your transformation is almost over.
Magic restored.
You climb downwards.
The jackal bites you. The jackal closely misses you.
There is a stone staircase leading up, spattered with blood here.
You closely miss the jackal. The jackal bites you.
You hit the jackal. Your kick misses the jackal.
The jackal is almost dead.
The jackal bites you but does no damage.
The jackal bites you.
You hit the jackal.
You kill the jackal!
You see here a jackal corpse.
Your talons disappear.
There is a stone staircase leading down here.
You climb downwards.
Found 15 poisoned needles.
There is a stone staircase leading up here.
You see here 15 poisoned needles.
Found a stone staircase leading down.
There are no items here.
You see here 15 poisoned needles.
n - 15 poisoned needles A gnoll comes into view.
It is wielding a spear.
The gnoll shouts!
Casting: Beastly Appendage
Confirm with . or Enter, or press ? or * to list all spells.
You create a snake!
You now have 11 arrows.
A gnoll comes into view. It is wielding a flail of holy wrath.
There is a stone staircase leading up here.
You climb upwards.
Your summoned ally is left behind.
There is a stone staircase leading down here.
A hippogriff comes into view.
Casting: Sticks to Snakes
Confirm with . or Enter, or press ? or * to list all spells.
You grow a pair of large bovine horns.
Casting: Beastly Appendage
Confirm with . or Enter, or press ? or * to list all spells.
You create a snake!
You now have 10 arrows.
Casting: Sticks to Snakes
Confirm with . or Enter, or press ? or * to list all spells.
You create a snake!
You now have 9 arrows.
Your ball python barely misses the hippogriff.
Your adder bites the hippogriff.
You hit the hippogriff. You headbutt the hippogriff!
The hippogriff is moderately wounded.
The hippogriff bites you.
The hippogriff pecks you but does no damage.
The hippogriff misses you.
Your adder bites the hippogriff.
Your ball python bites the hippogriff but does no damage.
You hit the hippogriff.
The hippogriff is heavily wounded.
Your adder bites the hippogriff.
Your ball python barely misses the hippogriff.
The hippogriff barely misses you. The hippogriff pecks you!
* * * LOW HITPOINT WARNING * * *
The hippogriff closely misses you.
You feel better.
Your adder bites the hippogriff.
Your ball python bites the hippogriff.
The hippogriff closely misses you. The hippogriff pecks you!
* * * LOW HITPOINT WARNING * * *
The hippogriff claws you.
You die...

.######....##
...#........#
#..........#
#........#
###........#
##.......>..#
...#........#
#.#<†......#
...###@#........#
......HS....######
.....S.....##
...........#
############


You could see a hippogriff, a friendly adder and a friendly ball python.

Vanquished Creatures
  A dart slug (D:1)
  3 bats (D:2)
  2 giant cockroaches
  2 goblins
  2 jackals
  A kobold (D:2)
  A ball python (D:1)
  2 rats
14 creatures vanquished.

Notes
Turn   | Place    | Note
-------+----------+-------------------------------------------
     0 | D:1      | tidbits the Demigod Transmuter began the quest for the Orb.
     0 | D:1      | Reached XP level 1. HP: 15/15 MP: 5/5
   187 | D:1      | Reached skill level 3 in Unarmed Combat
   252 | D:2      | HP: 1/15 [bat (1)]
   255 | D:2      | Reached XP level 2. HP: 14/22 MP: 5/7
   295 | D:1      | Learned a level 2 spell: Sticks to Snakes
   409 | D:3      | Noticed a hippogriff
   416 | D:3      | HP: 2/22 [hippogriff (8)]
   416 | D:3      | Slain by a hippogriff

Skill      XL: |  1 |
---------------+----+-----
Unarmed Combat | 3 |  3.3
Fighting       | |  0.8
Dodging        | |  1.8
Spellcasting   | |  1.8
Transmutations | |  1.9

Action                   || total
-------------------------++-------
Melee: Unarmed           ||    52
       Headbutt          ||     7
       Kick              ||     2
       Punch             ||     1
 Cast: Beastly Appendage ||    12
       Sticks to Snakes  ||     3
  Use: Potion            ||     2
 Stab: Sleeping          ||     2
Armor: Robe              ||    18
Dodge: Dodged            ||    34

Table legend:
 A = Turns spent in this place as a percentage of turns spent in the entire game.
 B = Non-inter-level travel turns spent in this place as a percentage of non-inter-level travel turns spent in the entire game.
 C = Inter-level travel turns spent in this place as a percentage of turns spent in this place.
 D = Turns resting spent in this place as a percentage of non-inter-level travel turns spent in this place.
 E = Turns spent auto-exploring this place as a percentage of non-inter-level travel turns spent in this place.
 F = Non-inter-level travel turns spent in this place divided by the number of levels of this place that you've seen.
                   A       B       C       D       E      F
               +-------+-------+-------+-------+-------+----------------------
         Total | 100.0 | 100.0 |   0.0 |   0.0 |   0.0 |  84.8
       Dungeon | 100.0 | 100.0 |   0.0 |   0.0 |   0.0 |  84.8
               +-------+-------+-------+-------+-------+----------------------

Table legend:
 A = Kills in this place as a percentage of kills in entire the game.
 B = Kills by you in this place as a percentage of kills by you in the entire game.
 C = Kills by friends in this place as a percentage of kills by friends in the entire game.
 D = Other kills in this place as a percentage of other kills in the entire game.
 E = Experience gained in this place as a percentage of experience gained in the entire game.
 F = Experience gained in this place divided by the number of levels of this place that you have seen.
                   A       B       C       D       E      F
               +-------+-------+-------+-------+-------+----------------------
         Total | 100.0 | 100.0 |  -nan |  -nan | 100.0 |   6.5
       Dungeon | 100.0 | 100.0 |  -nan |  -nan | 100.0 |   6.5
               +-------+-------+-------+-------+-------+----------------------

Vault maps used:
D:1:      wheals_arrival_linesprint, roderic_roman_lattice, minmay_surrounded
D:3:      lemuel_coloured_pillars_altar, old_standard_altar,
          lemuel_crystal_altar
D:4:      nicolae_overflow_hidden_temple, kennysheep_okawaru_gauntlet,
          minmay_temple_entry_enclosed_plants, due_unseen_surprise
